 Dungeon Crawl Stone Soup version 0.31-a0-845-g9abc20d24f (webtiles) character file.

Game seed: 17387712649551989456

1347606 mive the Slayer (level 26, 222/222 HPs)
             Began as a Merfolk Ice Elementalist on Sept 19, 2023.
             Was a High Priest of Fedhas.
             Escaped with the Orb
             ... and 3 runes on Oct 3, 2023!
             The game lasted 11:35:26 (107646 turns).

mive the Slayer (Merfolk Ice Elementalist)        Turns: 107646, Time: 11:35:27

Health: 222/222    AC: 22    Str: 15      XL:     26   Next: 77%
Magic:  45/49      EV: 16    Int: 21 (22) God:    Fedhas [*****.]
Gold:   2632       SH: 15    Dex: 13      Spells: 3/52 levels left

rFire   + + .        e - +9 demon trident (elec)
rCold   + + .        z - +2 kite shield {rN+}
rNeg    + + .        t - quicksilver dragon scales "Tuinemud" {rPois Will+ Regen+ Str-5}
rPois   +            (helmet restricted)
rElec   .            o - +0 cloak "Tokuseph" {Rampage +Inv rN+ Dex-2}
rCorr   +            P - +1 pair of gloves of the Morning {Str+6 Dex+3}
SInv    .            I - +1 pair of boots
Will    ++...        B - amulet "Fotto" {Faith rF- rC++ Regen+}
Stlth   +            L - ring "Ute Jea" {rC- rCorr MP+9 Str+3 Int+3}
HPRegen 2.17/turn    w - ring of Owyucups {rPois rF++ rC+ AC+4 Dex-3}
MPRegen 0.31/turn

%: rampage, faith
@: studying 2 skills
A: (nimble swimmer 2), mertail, antennae 1, claws 1, deterioration 1, dopey 1,
fire resistance 1, weak 1, wild magic 1, no potion heal 1
0: Orb of Zot
}: 3/15 runes: decaying, abyssal, gossamer
a: Renounce Religion, Evoke Invisibility, Wall of Briars, Grow Ballistomycete,
Overgrow, Grow Oklob


You escaped.
You worshipped Fedhas.
Fedhas was extremely pleased with you.
You visited 10 branches of the dungeon, and saw 47 of its levels.
You visited the Abyss 2 times.
You visited 1 bazaar.
You also visited: Bailey, Gauntlet and Wizlab.

You collected 7833 gold pieces.
You spent 5201 gold pieces at shops.

Inventory:

Hand Weapons
 e - a +9 demon trident of electrocution (weapon)
Missiles
 q - a curare-tipped dart (quivered)
 Q - 11 javelins
 X - 2 throwing nets
Armour
 o - the +0 cloak "Tokuseph" (worn) {Rampage +Inv rN+ Dex-2}
   (You found it in a Gauntlet)

   Dex-2:     It affects your dexterity (-2).
   rN+:       It protects you from negative energy.
   +Inv:      It lets you turn invisible.
   Rampage:   It bestows one free step when moving towards enemies.
 p - a +2 helmet
 t - the quicksilver dragon scales "Tuinemud" (worn) {rPois Will+ Regen+ Str-5}
   (You found it in a wizard's laboratory)

   Str-5:     It affects your strength (-5).
   rPois:     It protects you from poison Will+: It increases your willpower.
   Regen+:    It increases your rate of health regeneration.
 z - a +2 kite shield of positive energy (worn)
 I - a +1 pair of boots (worn)
 P - the +1 pair of gloves of the Morning (worn) {Str+6 Dex+3}
   (You found it in a Gauntlet)

   Str+6:     It affects your strength (+6).
   Dex+3:     It affects your dexterity (+3).
 U - a +2 buckler
Magical Staves
 Y - a staff of air
Jewellery
 j - a +5 ring of evasion
 m - a ring of fire
 v - a ring of willpower
 w - the ring of Owyucups (right hand) {rPois rF++ rC+ AC+4 Dex-3}
   (You took it off an ironbound preserver on level 13 of the Dungeon)

   [ring of protection]

   AC+4:      It affects your AC (+4).
   Dex-3:     It affects your dexterity (-3).
   rF++:      It greatly protects you from fire.
   rC+:       It protects you from cold.
   rPois:     It protects you from poison
 y - a ring of willpower
 B - the amulet "Fotto" (around neck) {Faith rF- rC++ Regen+}
   (You found it in a Gauntlet)

   [amulet of faith]

   Faith:     It allows you to gain divine favour quickly.
   rF-:       It makes you vulnerable to fire.
   rC++:      It greatly protects you from cold.
   Regen+:    It increases your rate of health regeneration.
 K - a ring of see invisible
 L - the ring "Ute Jea" (left hand) {rC- rCorr MP+9 Str+3 Int+3}
   (You took it off a deep elf sorcerer on level 3 of the Elven Halls)

   [ring of resist corrosion]

   Str+3:     It affects your strength (+3).
   Int+3:     It affects your intelligence (+3).
   rC-:       It makes you vulnerable to cold.
   MP+9:      It affects your magic capacity (+9).
   rCorr:     It protects you from acid and corrosion.
Talismans
 R - a granite talisman
Wands
 r - a wand of light (7)
 s - a wand of roots (6)
 A - a wand of paralysis (82)
Scrolls
 c - a scroll of blinking
 h - 10 scrolls of fog
 k - 5 scrolls of immolation
 u - 2 scrolls of fear
 x - 6 scrolls of silence
 D - 7 scrolls of vulnerability
 F - 10 scrolls of teleportation
 H - 7 scrolls of poison
Potions
 a - 4 potions of resistance
 b - 5 potions of magic
 i - 6 potions of lignification
 l - 4 potions of berserk rage
 E - 3 potions of haste
 G - 8 potions of cancellation
 J - 3 potions of might
 M - 13 potions of curing
 N - 4 potions of heal wounds
 O - 3 potions of attraction
 S - 2 potions of mutation
 T - 2 potions of ambrosia
 V - 2 potions of brilliance
 Z - 3 potions of enlightenment
Miscellaneous
 d - a phial of floods
 n - a phantom mirror


   Skills:
 + Level 21.5 Fighting
 - Level 14.0 Polearms
 + Level 8.9 Armour
 - Level 16.0 Dodging
 - Level 9.6 Stealth
 - Level 14.1 Shields
 + Level 13.6 Spellcasting
 - Level 10.1 Conjurations
 - Level 12.5 Hexes
 - Level 8.0 Summonings
 * Level 7.2 Translocations
 - Level 7.0 Transmutations
 - Level 10.0 Ice Magic
 - Level 6.0 Air Magic
 - Level 7.0 Poison Magic
 - Level 15.0 Invocations
 - Level 7.5 Evocations
 + Level 19.4 Shapeshifting


You had 3 spell levels left.
You knew the following spells:

 Your Spells              Type           Power      Damage    Failure   Level
a - Irradiate             Conj/Tmut      30%        3d21      17%         5
b - Freezing Cloud        Conj/Ice/Air   30%        6-21      16%         5
c - Enfeeble              Hex            36%        N/A       65%         7
d - Yara's Violent Unrav  Hex/Tmut       32%        3d13      11%         5
e - Blink                 Tloc           100%       N/A       2%          2
f - Olgreb's Toxic Radia  Pois           54%        N/A       12%         4
g - Passwall              Tmut/Erth      30%        N/A       8%          2
h - Summon Mana Viper     Hex/Summ       66%        N/A       10%         5
i - Passage of Golubria   Tloc           55%        N/A       11%         4
j - Ignite Poison         Fire/Tmut/Pois 44%        N/A       10%         3
k - Tukima's Dance        Hex            72%        N/A       1%          3
l - Summon Lightning Spi  Summ/Air       54%        N/A       12%         4

Your spell library contained the following spells:

 Spells                   Type           Power      Damage    Failure   Level
 Freeze                   Ice            100%       1d10      1%          1
 Magic Dart               Conj           100%       1d8       1%          1
 Sting                    Tmut/Pois      100%       1d8       1%          1
 Call Imp                 Summ           100%       N/A       1%          2
 Ensorcelled Hibernation  Hex/Ice        100%       N/A       1%          2
 Jinxbite                 Hex            100%       N/A       1%          2
 Momentum Strike          Conj/Tloc      100%       3d10      1%          2
 Static Discharge         Conj/Air       100%       2-7/arc   1%          2
 Frozen Ramparts          Ice            100%       1d16      1%          3
 Ozocubu's Armour         Ice            65%        N/A       1%          3
 Sigil of Binding         Hex            72%        N/A       1%          3
 Lesser Beckoning         Tloc           100%       N/A       2%          2
 Wereblood                Tmut           54%        N/A       2%          2
 Poisonous Vapours        Pois/Air       100%       N/A       3%          2
 Call Canine Familiar     Summ           58%        N/A       3%          3
 Mephitic Cloud           Conj/Pois/Air  57%        N/A       3%          3
 Gell's Gravitas          Tloc           55%        N/A       4%          3
 Teleport Other           Tloc           55%        N/A       4%          3
 Inner Flame              Hex/Fire       52%        N/A       5%          3
 Swiftness                Air            51%        N/A       6%          3
 Stone Arrow              Conj/Erth      92%        3d12      9%          3
 Necrotise                Necr           72%        1d7       21%         1
 Sandblast                Erth           36%        2d10      21%         1
 Sublimation of Blood     Necr           18%        N/A       30%         2
 Vampiric Draining        Necr           18%        2d7       47%         3
 Cause Fear               Hex            36%        N/A       1%          4
 Dimensional Bullseye     Hex/Tloc       32%        N/A       4%          4
 Summon Ice Beast         Ice/Summ       62%        N/A       6%          4
 Iskenderun's Battlesphe  Conj           65%        2d11      10%         5
 Manifold Assault         Tloc           55%        N/A       11%         4
 Vhi's Electric Charge    Tloc/Air       100%       N/A       14%         4
 Anguish                  Hex/Necr       26%        N/A       16%         4
 Leda's Liquefaction      Hex/Erth       26%        N/A       16%         4
 Airstrike                Air            25%        2d(4-20)  17%         4
 Arcjolt                  Conj/Air       29%        1d39      21%         5
 Brom's Barrelling Bould  Conj/Erth      46%        2d6       24%         4
 Flame Wave               Conj/Fire      46%        2d12      24%         4
 Sticky Flame             Conj/Fire      46%        2d6       24%         4
 Animate Armour           Summ/Erth      80%        N/A       34%         4
 Petrify                  Tmut/Erth      37%        N/A       41%         4
 Fireball                 Conj/Fire      23%        3d11      52%         5
 Conjure Ball Lightning   Conj/Air       29%        3x3d8     69%         6
 Animate Dead             Necr           18%        N/A       86%         4
 Ozocubu's Refrigeration  Ice            32%        4d14      93%         7
 Bombard                  Conj/Erth      23%        9d4       97%         6
 Simulacrum               Ice/Necr       23%        N/A       97%         6
 Spellforged Servitor     Conj/Summ      31%        N/A       98%         7
 Agony                    Necr           18%        N/A       99%         5
 Monstrous Menagerie      Summ           29%        N/A       99%         7
 Summon Hydra             Summ           29%        N/A       99%         7
 Discord                  Hex            36%        N/A       99%         8
 Plasma Beam              Fire/Air       17%        2x1d29    100%        6
 Haunt                    Necr/Summ      20%        N/A       100%        7
 Disjunction              Tloc           27%        N/A       100%        8
 Ignition                 Fire           9%         3d5       100%        8
 Infestation              Necr           9%         N/A       100%        8
 Lehudib's Crystal Spear  Conj/Erth      23%        10d6      100%        8
 Chain Lightning          Conj/Air       29%        3d38      100%        9
 Dragon's Call            Summ           29%        N/A       100%        9
 Polar Vortex             Ice            32%        12d4*     100%        9


Dungeon Overview and Level Annotations

Branches:
Dungeon (15/15)            Temple (1/1) D:5            Lair (5/5) D:9
  Swamp (4/4) Lair:2       Spider (4/4) Lair:3        Slime (0/5) Lair:5
    Orc (2/2) D:9             Elf (3/3) Orc:2        Vaults (4/5) D:13
  Crypt (0/3) Vaults:3     Depths (4/4) D:15            Zot (5/5) Depths:4
 Bailey (visited)          WizLab (visited)         Gauntlet (visited)

Altars:
Ashenzari
Cheibriados
Dithmenos
Elyvilon
Fedhas
Gozag
Hepliaklqana
Kikubaaqudgha
Makhleb
Nemelex Xobeh
Okawaru
Qazlal
Ru
Sif Muna
Trog
Uskayaw
Vehumet
Wu Jian
Xom
Yredelemnul
Zin
The Shining One
Jiyva

Shops:
D:3 ?(*   D:7 :   D:11 =   D:13 *   Orc:1 :   Orc:2 [([:   Elf:1 *   Elf:3 *([?
Vaults:3 *!

Portals:
Hell: Depths:1 Depths:2 Depths:3 Depths:4
Abyss: Depths:1 Depths:3 Depths:4
Pandemonium: Depths:2
Ziggurat: Depths:1

Annotations:
D:4 1 runed translucent door, CoinPitGoblin's ghost, amateur AtFi
D:11 Psyche
Lair:3 3 runed translucent doors, Ifomeed's ghost, journeyman DsGl
Spider:1 Frances; Roxanne
Spider:2 1 runed translucent door, Kys Gask's ghost, adept HOFi
Spider:4 2 transporters, Hutybuo's ghost, adept HuCj; Taweuko's ghost, adept TrSh
Elf:2 3 runed translucent doors, exclusion: 3 doors
Vaults:1 2 transporters
Depths:1 1 runed translucent door, exclusion: door


Innate Abilities, Weirdness & Mutations

((You are very nimble when in or above water. (Stealth+, EV+, Speed+++)))
Your lower body shifts to a powerful aquatic tail in water.
You have a pair of small antennae on your head.
You have sharp fingernails.
Your body sometimes deteriorates upon taking damage.
You are dopey. (Int -2)
Your flesh is heat resistant. (rF+)
You are weak. (Str -2)
Your spells are a little harder to cast, but a little more powerful.
Potions are less effective at restoring your health.


Message History

You see here a +0 spear.
There is a stone staircase leading up here.
You climb upwards.
There is a stone staircase leading down here.
There is an open door here.
There is an escape hatch in the ceiling here.
A mysterious force pulls you upwards. The hatch slams shut behind you.
As you open the door, it creaks loudly!
What level of the Dungeon? (default 1, ? - help)
A red devil comes into view. It is wielding a +0 trident.
There is an open door here.
The red devil moves out of view.
There is an open door here.
You close the door.
What level of the Dungeon? (default 1, ? - help)
You see here a +0 dagger.
There is an open door here.
There is a staircase leading out of the dungeon here.
As you read the scroll of summoning, it crumbles to dust.
Wisps of shadow whirl around you...
As you read the scroll of summoning, it crumbles to dust.
Wisps of shadow whirl around you...
As you read the scroll of summoning, it crumbles to dust.
Wisps of shadow whirl around you...
Aim the phial where?
Press: ? - help, Shift-Dir - straight line, f - you Really target yourself?
Okay, then.
Unknown command.
Casting: Summon Mana Viper (mildly dangerous; 10% risk of failure)
Confirm with . or Enter, or press ? or * to list all spells.
A mana viper appears with a sibilant hiss.
What are your orders? t - Shout!
Orders for allies: a - Attack new target. r - Retreat! s - Stop attacking. g - Guard the area. f - Follow me.
Anything else - Cancel.
Follow me!
You have escaped!

###'##..................####...#.
#.############........# #####.
#.# #####.######## #. #.#
#.........# #.
#.#########'##'##+## #.
#.......##.........# #.
#######.##.#..KK.#.# #.
###..##.#gwbS.#.# ##
#....##..Jg@Kr..#
#.#.#############
#.#......{......#
#.#############.# #.#......# #.#
#.#.####.# #.# #.#.#....# #.#
#.#.#.#### #.####### #.#.#.#
###.#.....#


You could see a friendly mana viper (summoned), a friendly dart slug (summoned),
a friendly endoplasm (summoned), a friendly hobgoblin (summoned), a friendly
goblin (summoned), a friendly bat (summoned), 3 friendly kobolds and a friendly
rat (summoned).

Vanquished Creatures
  A dread lich (Zot:5)
  An ancient lich (Zot:5)
  4 orbs of fire
  A juggernaut (Depths:3)
  4 Killer Klowns
  7 golden dragons
  Jory (Depths:3)
  A bone dragon (Depths:3)
  A Brimstone Fiend (WizLab)
  Arachne (Spider:4)
  2 electric golems
  2 doom hounds (Depths:2)
  27 Orb Guardians
  13 tentacled monstrosities
  2 quicksilver dragons
  3 liches
  A deep elf master archer (Elf:3)
  An Executioner (Depths:3)
  4 tentacled starspawn
  A deep elf blademaster (Elf:3)
  Gastronok (Lair:1)
  An ancient champion (Vaults:3)
  13 storm dragons
  3 sphinxes
  5 death cobs
  6 shadow dragons
  5 draconian monks
  6 draconian knights
  4 fire giants
  2 deep elf sorcerers (Elf:3)
  A fenstrider witch (Swamp:4)
  2 deep elf elementalists (Elf:3)
  4 draconian scorchers
  10 vault wardens
  2 emperor scorpions (Spider:4)
  7 draconian annihilators
  2 orc warlords
  6 draconian stormcallers
  2 draconian shifters
  A balrug (Depths:4)
  4 ghost moths
  A war gargoyle (Vaults:1)
  4 frost giants
  12 very ugly things
  A broodmother (Spider:3)
  10 ironbound thunderhulks
  2 spriggan defenders (Depths:2)
  7 stone giants
  2 formless jellyfish
  10 ironbound preservers
  9 green draconians
  A vampire knight (Depths:3)
  2 bunyips (Swamp:2)
  A lorocyproca (Abyss:4)
  16 red draconians
  8 dire elephants
  11 black draconians
  3 deep elf demonologists (Elf:3)
  11 deep elf annihilators (Elf:3)
  4 eleionomae
  A minotaur (Gauntlet)
  20 spark wasps
  9 white draconians
  10 purple draconians
  12 yellow draconians
  11 ettins
  3 blizzard demons
  3 deep elf death magi (Elf:3)
  3 green deaths
  3 deep elf high priests
  5 entropy weavers
  A merfolk impaler (Abyss:4)
  5 great orbs of eyes
  8 yaktaur captains
  7 ice dragons
  3 fire dragons
  4 hydras
  4 vault guards (Vaults:1)
  A hydra (shapeshifter) (Depths:4)
  A caustic shrike simulacrum (Depths:2)
  7 alligators
  3 ogre magi
  A peacekeeper (Vaults:2)
  3 ghost crabs
  4 rakshasas
  4 ironbound frosthearts
  18 centaur warriors
  9 spriggan air magi
  A jorogumo (Spider:4)
  A hell beast (Depths:4)
  A merfolk avatar (Swamp:3)
  7 deep troll earth magi
  A death knight (D:15)
  8 two-headed ogres
  8 boulder beetles
  3 deep troll shamans
  6 demonic crawlers
  6 deep elf knights
  2 tengu warriors
  Urug (D:12)
  7 dancing weapons
  5 hell hogs
  15 spriggans
  A thrashing horror (Abyss:2)
  2 orc high priests
  6 spriggan berserkers
  12 hell knights
  3 soul eaters
  7 sun demons
  2 sun moths
  2 skysharks (Lair:5)
  A death drake (Swamp:2)
  A death drake (shapeshifter) (Depths:3)
  7 goliath frogs
  4 iron trolls
  4 pharaoh ants
  4 sixfirhies
  A salamander mystic (Depths:1)
  15 orb spiders
  50 deep trolls
  4 spriggan druids
  4 bog bodies
  A sea snake (shapeshifter) (Depths:3)
  A flayed ghost (Depths:3)
  6 glowing orange brains
  4 lindwurms
  An obsidian statue (Depths:4)
  4 swamp dragons
  14 ironbound convokers
  Pikel (D:5)
  10 deep elf archers
  A phantasmal warrior (Abyss:2)
  6 steelbarb worms
  8 necromancers
  An anaconda skeleton (Abyss:3)
  7 wizards
  18 deep elf zephyrmancers
  8 orc knights
  14 ugly things
  27 deep elf pyromancers
  21 wolf spiders
  3 salamanders (Depths:1)
  A shadow dragon skeleton (Vaults:4)
  6 cyclopes
  7 orc sorcerers
  26 moths of wrath
  A frost giant skeleton (Vaults:4)
  3 worldbinders
  A guardian serpent (shapeshifter) (D:15)
  A rust devil (D:11)
  2 moths of wrath (shapeshifter)
  4 will-o-the-wisps
  A black mamba (shapeshifter) (Elf:2)
  An apocalypse crab (Abyss:3)
  9 torpor snails
  2 elephants
  4 black mambas
  14 vault sentinels
  2 centaur zombies (D:15)
  A human skeleton (Vaults:4)
  11 large abominations
  11 smoke demons
  5 orange demons
  4 eyes of devastation (Depths:1)
  Maggie (D:9)
  A naga mage (D:15)
  A gargoyle (D:12)
  2 unseen horrors
  A cane toad (shapeshifter) (D:13)
  2 kobold demonologists
  4 rime drakes
  2 efreet
  A rime drake (shapeshifter) (D:15)
  9 cane toads
  12 yaktaurs
  2 tormentors
  8 komodo dragons
  Jeremiah (D:7)
  2 ice devils (Depths:2)
  A freezing wraith (D:15)
  4 tengu conjurers
  An ancient zyme (Abyss:4)
  3 polar bears
  A bloated husk (Swamp:4)
  A shadow dragon simulacrum (Depths:2)
  5 trolls
  A golden dragon simulacrum (Depths:2)
  8 meliai
  3 red devils
  A queen bee (Gauntlet)
  6 tyrant leeches
  4 hellwings
  18 hornets
  10 raiju
  20 blink frogs
  35 tarantellas
  4 ynoxinuls
  24 slime creatures
  37 jumping spiders
  3 air elementals
  A centaur simulacrum (D:14)
  A human simulacrum (Vaults:4)
  33 culicivoras
  2 culicivoras (shapeshifter)
  A yak (shapeshifter) (Elf:3)
  6 water elementals
  4 wraiths
  6 wyverns
  14 nameless horrors
  A spriggan (shapeshifter) (Elf:2)
  3 fire bats (Abyss:3)
  A starcursed mass (Abyss:3)
  2 vampires
  A basilisk (shapeshifter) (D:15)
  A fire elemental (Depths:1)
  13 yaks
  4 basilisks
  10 chaos spawn
  5 neqoxecs
  A steam dragon (D:6)
  6 vampire mosquitoes
  49 redbacks
  Menkaure (D:6)
  5 wargs
  A glowing shapeshifter zombie (Vaults:4)
  2 harpy simulacra
  7 swamp worms
  6 water moccasins
  Duvessa (D:5)
  A floating eye (shapeshifter) (Depths:4)
  2 swamp drakes (Swamp:1)
  A floating eye (Depths:2)
  3 black bears
  5 ice beasts
  7 small abominations
  7 sky beasts
  35 orc warriors
  A hornet zombie (D:15)
  21 wolves
  8 ogres
  4 boggarts
  3 centaurs
  A lemure (D:5)
  6 kobold brigands
  19 bullfrogs
  4 earth elementals
  A gnoll sergeant (D:10)
  4 scorpions
  3 wights (D:7)
  24 killer bees
  10 electric eels
  3 howler monkeys
  A lava snake (D:11)
  2 gnoll boudas (D:3)
  2 hounds (D:5)
  14 orc priests
  5 iguanas
  28 orc wizards
  3 hell rats (Lair:5)
  4 lightning spires (Depths:1)
  3 adders
  27 gnolls
  4 shadow imps
  3 white imps
  3 ufetubi
  A worm (D:3)
  2 dart slugs
  107 orcs
  8 endoplasms
  2 giant cockroaches
  5 goblins
  10 hobgoblins
  12 jackals (D:3)
  3 quokkas
  7 ball pythons
  4 bats
  17 kobolds
  3 rats
  2 starspawn tentacles (Abyss:2)
1800 creatures vanquished.

Vanquished Creatures (collateral kills)
  2 dread liches (Zot:5)
  An ancient lich (Zot:5)
  An orb of fire (Zot:5)
  Josephina (Depths:2)
  Parghit (Depths:3)
  2 Killer Klowns
  4 golden dragons
  A bone dragon (Abyss:2)
  A hellephant (Abyss:2)
  An electric golem (Zot:3)
  2 tentacled monstrosities
  A lich (Abyss:1)
  An Orb Guardian (Zot:5)
  A quicksilver dragon (Zot:5)
  Grunn (Depths:2)
  A shadow dragon (Zot:1)
  The ghost of Gaxiaska the Grappler, an adept TrDe of Cheibriados (Swamp:2)
  A death cob (Zot:5)
  3 storm dragons
  A revenant (Vaults:3)
  A fenstrider witch (Swamp:4)
  A fire giant (Depths:2)
  2 deep elf sorcerers
  An emperor scorpion (Spider:2)
  A draconian scorcher (Zot:5)
  A draconian shifter (Abyss:3)
  A ghost moth (Spider:4)
  A cacodemon (D:11)
  A draconian annihilator (Zot:1)
  A very ugly thing (Depths:2)
  An ironbound thunderhulk (Vaults:4)
  4 reapers
  A stone giant (Depths:2)
  2 ironbound preservers (Vaults:1)
  A formless jellyfish (Vaults:3)
  2 black draconians (Zot:5)
  A green draconian (Zot:1)
  A vampire knight (Depths:1)
  A bunyip (Swamp:2)
  A lorocyproca (WizLab)
  A yellow draconian (Zot:2)
  3 purple draconians
  2 deep elf annihilators (Elf:3)
  A white draconian (Zot:5)
  A dire elephant (Vaults:2)
  A merfolk javelineer (Abyss:4)
  A blizzard demon (Abyss:4)
  A crystal guardian (Vaults:2)
  An eidolon (Vaults:3)
  A deep elf death mage (Elf:1)
  2 ettins
  3 fire dragons
  A yaktaur captain (Vaults:4)
  A deep elf high priest (Elf:3)
  3 rakshasas
  A great orb of eyes (Vaults:1)
  A peacekeeper (Vaults:1)
  2 hydras (Swamp:4)
  An ice dragon (Depths:1)
  A hell beast (Depths:4)
  2 ironbound frosthearts
  A spriggan air mage (Depths:1)
  7 dancing weapons
  A satyr (Abyss:4)
  2 deep troll shamans (Depths:2)
  A tengu warrior (Depths:2)
  An orc high priest (Orc:2)
  2 spriggan berserkers
  A hell hog (Abyss:4)
  2 vampire magi
  A hell knight (Depths:3)
  3 wretched stars
  3 deep elf knights
  An iron troll (Depths:2)
  A sun demon (Depths:4)
  A large abomination (Abyss:4)
  2 sixfirhies
  2 goliath frogs
  A death drake (Swamp:4)
  A swamp dragon (Swamp:2)
  A quicksilver dragon simulacrum (Depths:2)
  2 ironbound convokers
  3 deep trolls
  A glowing orange brain (Abyss:3)
  A shadow demon (WizLab)
  5 wizards
  2 wolf spiders (Spider:4)
  7 deep elf zephyrmancers
  7 deep elf pyromancers
  2 necromancers
  4 ugly things
  A moth of wrath (Zot:2)
  2 manticores
  A moth of wrath (shapeshifter) (Depths:2)
  An elephant (Lair:3)
  2 vault sentinels
  6 smoke demons
  4 cane toads
  A rust devil (Depths:4)
  A yaktaur (Vaults:1)
  A tengu conjurer (Depths:1)
  2 red devils (D:11)
  A tormentor (Abyss:2)
  A hornet (Swamp:2)
  A troll (Orc:2)
  A hellwing (Depths:1)
  2 meliai (Gauntlet)
  A raiju (Abyss:4)
  A tarantella (Spider:2)
  3 tyrant leeches
  A centaur simulacrum (D:14)
  A water elemental (Depths:4)
  A slime creature (Vaults:4)
  A wyvern (Lair:3)
  9 yaks
  A basilisk (Lair:2)
  2 neqoxecs
  2 redbacks (Spider:4)
  2 vampire mosquitoes (Lair:5)
  3 swamp worms
  A warg (Orc:1)
  6 water moccasins
  5 orc warriors
  3 black bears
  A meliai simulacrum (D:15)
  A sky beast (D:8)
  5 wolves
  2 ogres
  2 centaurs
  A small abomination (Abyss:4)
  2 kobold brigands (Bailey)
  4 bullfrogs
  An earth elemental (Elf:2)
  Dowan (D:5)
  2 killer bees
  2 jellies
  2 orc priests
  3 hounds
  An iguana (D:4)
  4 orc wizards
  4 adders
  3 white imps
  An ufetubus (D:14)
  9 orcs
  A ball python (D:4)
  An endoplasm (D:2)
  A hobgoblin (D:10)
  3 kobolds (Bailey)
  35 ballistomycete spores
317 creatures vanquished.

Vanquished Creatures (others)
  A golden dragon (Zot:4)
  A lich (Abyss:3)
  A thorn hunter (Swamp:4)
  A fenstrider witch (Swamp:4)
  A red draconian (Zot:1)
  2 white draconians
  A crystal guardian (Vaults:1)
  A shambling mangrove (Swamp:4)
  A spriggan air mage (Swamp:4)
  An alligator (Swamp:4)
  A deep elf knight (Elf:1)
  A soul eater (Swamp:4)
  A goliath frog (Swamp:3)
  2 wizards
  4 oklob plants (Lair:5)
  A nameless horror (Swamp:4)
  2 hornets (Swamp:4)
  29 dancing weapons
  A water moccasin (Lair:5)
  A wolf (Lair:1)
  A small abomination (Abyss:3)
  A hell rat (Lair:5)
  A white imp (Gauntlet)
  4 ballistomycete spores
  10 foxfires
  3 lurking horrors
  13 starspawn tentacles
87 creatures vanquished.

Grand Total: 2204 creatures vanquished

Notes
Turn   | Place    | Note
-------+----------+-------------------------------------------
     0 | D:1      | mive the Merfolk Ice Elementalist began the quest for the
                  | Orb.
     0 | D:1      | Reached XP level 1. HP: 13/13 MP: 3/3
   346 | D:1      | Reached XP level 2. HP: 19/19 MP: 1/5
  1308 | D:2      | Found a faded altar of an unknown god.
  1331 | D:2      | Reached XP level 3. HP: 24/24 MP: 4/6
  1335 | D:2      | Learned a level 3 spell: Frozen Ramparts
  2012 | D:2      | Reached skill level 5 in Ice Magic
  2629 | D:3      | Found Yditriheof's Weapon Shop.
  2642 | D:3      | Identified the +8 falchion "Jess" {freeze, Int+4}
  2703 | D:3      | Reached XP level 4. HP: 30/30 MP: 6/8
  2752 | D:3      | Found a transporter.
  2752 | D:3      | Found Ibuwkec's Magic Scroll Emporium.
  2754 | D:3      | Found a transporter.
  2759 | D:3      | Bought a scroll of identify for 26 gold pieces
  2759 | D:3      | Bought a scroll of fear for 52 gold pieces
  2775 | D:3      | Found Dooryw's Assorted Antiques.
  3279 | D:3      | Reached XP level 5. HP: 31/35 MP: 7/10
  3646 | D:3      | Learned a level 4 spell: Summon Ice Beast
  3845 | D:3      | Reached XP level 6. HP: 33/41 MP: 6/12
  4019 | D:3      | Reached skill level 1 in Summonings
  5069 | D:3      | Reached XP level 7. HP: 37/46 MP: 9/13
  5772 | D:4      | Found an ornate altar of the Wu Jian Council.
  5946 | D:4      | Found a runed translucent door.
  5946 | D:4      | Noticed CoinPitGoblin's ghost (amateur AtFi)
  6533 | D:4      | Found a broken altar of Ashenzari.
  6966 | D:5      | Entered Level 5 of the Dungeon
  7084 | D:4      | Reached skill level 1 in Fighting
  7084 | D:4      | Reached skill level 5 in Spellcasting
  7116 | D:5      | Noticed Pikel
  7180 | D:5      | Killed Pikel
  7181 | D:5      | Reached skill level 2 in Fighting
  7181 | D:5      | Reached skill level 5 in Summonings
  7181 | D:5      | Reached XP level 8. HP: 41/57 MP: 13/16
  7373 | D:5      | Reached skill level 3 in Fighting
  7570 | D:5      | Found a staircase to the Ecumenical Temple.
  7579 | Temple   | Entered the Ecumenical Temple
  7628 | Temple   | Became a worshipper of Fedhas Madash
  7689 | D:5      | Reached XP level 9. HP: 65/65 MP: 7/18
  7788 | D:5      | Reached skill level 4 in Fighting
  7788 | D:5      | Reached skill level 1 in Invocations
  7898 | D:5      | Found a burning altar of Makhleb.
  7979 | D:5      | Reached skill level 5 in Dodging
  8110 | D:5      | Noticed Dowan
  8124 | D:5      | Killed Dowan
  8125 | D:5      | Noticed Duvessa
  8136 | D:5      | Killed Duvessa
  9014 | D:6      | Reached * piety under Fedhas
  9020 | D:6      | Reached skill level 5 in Fighting
  9093 | D:6      | Learned a level 2 spell: Passwall
  9183 | D:6      | Found a snail-covered altar of Cheibriados.
  9273 | D:6      | Found an iron altar of Okawaru.
  9273 | D:6      | Noticed Menkaure
  9304 | D:6      | Killed Menkaure
  9305 | D:6      | Reached skill level 1 in Transmutations
  9946 | D:7      | Reached skill level 1 in Armour
 10024 | D:7      | Found Ocusiar's Book Boutique.
 10102 | D:7      | Noticed Jeremiah
 10113 | D:7      | Killed Jeremiah
 10114 | D:7      | Reached skill level 6 in Fighting
 10114 | D:7      | Reached XP level 10. HP: 76/76 MP: 12/20
 10337 | D:7      | Reached skill level 1 in Polearms
 10759 | D:7      | Found a bloodstained altar of Trog.
 10765 | D:7      | Reached ** piety under Fedhas
 11340 | D:8      | Found a basalt altar of Yredelemnul.
 11511 | D:8      | Reached skill level 5 in Invocations
 11832 | D:8      | Found an ancient bone altar of Kikubaaqudgha.
 12101 | D:9      | Found a sparkling altar of Nemelex Xobeh.
 12101 | D:9      | Found a hide-covered altar of Uskayaw.
 12127 | D:9      | Reached skill level 7 in Fighting
 12213 | D:9      | Found a staircase to the Orcish Mines.
 12260 | D:9      | Noticed Maggie
 12404 | D:9      | Killed Maggie
 12592 | D:9      | Reached *** piety under Fedhas
 12867 | D:9      | Found a staircase to the Lair.
 12874 | D:9      | Reached skill level 5 in Polearms
 12890 | D:9      | Reached XP level 11. HP: 84/84 MP: 9/21
 13413 | D:9      | Found a glowing silver altar of Zin.
 13497 | D:10     | Entered Level 10 of the Dungeon
 13688 | D:10     | Found a radiant altar of Vehumet.
 13706 | D:10     | Reached skill level 8 in Fighting
 13840 | D:10     | Found a glowing golden altar of the Shining One.
 13918 | D:10     | Found a flagged portal.
 13925 | D:10     | Reached **** piety under Fedhas
 13942 | Bailey   | Entered a bailey
 14328 | Bailey   | Found an iron altar of Okawaru.
 14340 | Bailey   | Identified the +9 great sword of a bailey {flame, Str-2
                  | Int+2 SInv Stlth+}
 14412 | D:10     | Noticed a centaur warrior
 14426 | D:10     | Killed a centaur warrior
 14696 | D:10     | Noticed a wizard
 14703 | D:10     | Noticed a deep elf pyromancer
 14730 | D:10     | Killed a wizard
 14737 | D:10     | Killed a deep elf pyromancer
 14765 | D:10     | Noticed a deep elf zephyrmancer
 14766 | D:10     | //wtf
 14766 | D:10     | Upgraded the game from 0.31-a0-799-g6bc09d010c to
                  | 0.31-a0-801-gc67433417a
 14869 | D:10     | Found a hazy altar of Hepliaklqana.
 14991 | Lair:1   | Entered Level 1 of the Lair of Beasts
 15249 | Lair:1   | Learned a level 2 spell: Blink
 15436 | D:7      | Bought a Young Poisoner's Handbook for 260 gold pieces
 15441 | D:7      | Learned a level 4 spell: Olgreb's Toxic Radiance
 15534 | Lair:1   | Reached skill level 1 in Poison Magic
 15550 | Lair:1   | Reached skill level 9 in Fighting
 15550 | Lair:1   | Reached skill level 1 in Translocations
 15815 | Lair:1   | Noticed Gastronok
 15945 | Lair:1   | Reached XP level 12. HP: 74/95 MP: 5/22
 16718 | Lair:1   | Killed Gastronok
 17268 | Lair:2   | Reached skill level 5 in Poison Magic
 17495 | Lair:2   | Learned a level 4 spell: Manifold Assault
 17910 | Lair:2   | Found a staircase to the Swamp.
 18609 | Lair:3   | Found a hole to the Spider Nest.
 18632 | Lair:2   | Reached skill level 10 in Fighting
 18773 | Lair:3   | Reached ***** piety under Fedhas
 19066 | Lair:3   | Reached skill level 5 in Translocations
 19238 | Lair:3   | Found a runed translucent gate.
 19238 | Lair:3   | Found a runed translucent gate.
 19238 | Lair:3   | Found a runed translucent gate.
 19239 | Lair:3   | Noticed Ifomeed's ghost (journeyman DsGl)
 19249 | Lair:3   | Noticed a five-headed hydra
 19250 | Lair:3   | Noticed an eight-headed hydra
 20268 | Lair:4   | Reached XP level 13. HP: 89/103 MP: 6/23
 20398 | Lair:4   | Reached skill level 5 in Armour
 21632 | Lair:5   | Entered Level 5 of the Lair of Beasts
 23586 | Lair:5   | Found a viscous altar of Jiyva.
 23587 | Lair:5   | Found a staircase to the Slime Pits.
 23836 | Lair:5   | Identified the staff "Death Rattle" {rPois rC- rN+ Will+
                  | Necro}
 23840 | Lair:5   | Got a ragged book
 25073 | D:10     | Reached skill level 11 in Fighting
 25122 | D:10     | Got a moth-eaten book
 25151 | D:10     | Got an antique book
 25168 | D:10     | Got a disorganized book
 25252 | D:10     | Learned a level 5 spell: Summon Mana Viper
 25265 | D:10     | Learned a level 2 spell: Jinxbite
 25354 | D:11     | Found Nufaumm's Jewellery Boutique.
 25405 | D:11     | Reached skill level 10 in Polearms
 25662 | D:11     | Reached skill level 1 in Hexes
 25758 | D:11     | Upgraded the game from 0.31-a0-801-gc67433417a to
                  | 0.31-a0-806-g0bc164a743
 26397 | D:11     | Noticed Psyche
 26991 | Orc:1    | Entered Level 1 of the Orcish Mines
 26997 | Orc:1    | Reached XP level 14. HP: 113/113 MP: 26/26
 27009 | Orc:1    | Reached skill level 1 in Shields
 27350 | Orc:2    | Entered Level 2 of the Orcish Mines
 27446 | Orc:2    | Found a gate leading to a gauntlet.
 27457 | Gauntlet | Entered a Gauntlet
 27457 | Gauntlet | Found a transporter.
 27457 | Gauntlet | Found a runed translucent door.
 27458 | Gauntlet | Found a runed translucent door.
 27464 | Gauntlet | Found a transporter.
 27466 | Gauntlet | Found a transporter.
 27481 | Gauntlet | Found a transporter.
 27483 | Gauntlet | Found a transporter.
 27492 | Gauntlet | Found a transporter.
 27509 | Gauntlet | Found a transporter.
 27519 | Gauntlet | Found a transporter.
 27523 | Gauntlet | Found a transporter.
 27523 | Gauntlet | Found a transporter.
 27533 | Gauntlet | Found a transporter.
 27557 | Gauntlet | Found a runed translucent door.
 27558 | Gauntlet | Found a transporter.
 27559 | Gauntlet | Found a runed translucent door.
 27572 | Gauntlet | Found a transporter.
 27585 | Gauntlet | Found a transporter.
 27639 | Gauntlet | Identified the amulet "Fotto" {Faith rF- rC++ Regen+}
 27868 | Gauntlet | Reached skill level 10 in Invocations
 27876 | Gauntlet | Identified the +0 cloak "Tokuseph" {Rampage +Inv rN+ Dex-2}
 28128 | Gauntlet | Identified the +1 pair of gloves of the Spheres {Rampage
                  | rPois rF-}
 28165 | Gauntlet | Identified the +1 pair of gloves of the Morning {Str+6
                  | Dex+3}
 28600 | Orc:1    | Found Maifaviduq's Book Boutique.
 28688 | Orc:1    | You fall into a shaft and drop 1 floor!
 29161 | Orc:2    | Reached skill level 5 in Shields
 29281 | Orc:2    | Found Totsi's Antique Armour Boutique.
 29409 | Orc:2    | Found a staircase to the Elven Halls.
 30096 | Orc:2    | Found Haodop's Book Emporium.
 31428 | Orc:2    | Noticed an orc warlord
 31589 | Orc:2    | Reached skill level 5 in Hexes
 31652 | Orc:2    | Killed an orc warlord
 31879 | Orc:2    | Found Pouvioh's Antique Armour Shop.
 31882 | Orc:2    | Found Degufuem's Antique Weapon Boutique.
 31899 | Orc:2    | Bought a slimy trident for 195 gold pieces
 31899 | Orc:2    | Identified the +9 trident of the Spheres {heavy, rF- Int+6}
                  | (You bought it in a shop on level 2 of the Orcish Mines)
 32169 | Orc:1    | Bought a book of Alchemy for 392 gold pieces
 32268 | D:7      | Bought an Everburning Encyclopedia for 468 gold pieces
 32330 | D:11     | Bought a granite talisman for 1120 gold pieces
 33330 | D:12     | Noticed Urug
 33801 | D:3      | Bought a scroll of identify for 42 gold pieces
 34426 | D:12     | Killed Urug
 34930 | D:12     | Reached skill level 12 in Fighting
 35114 | D:12     | Reached XP level 15. HP: 104/120 MP: 17/27
 35421 | D:13     | Reached skill level 1 in Shapeshifting
 36109 | D:13     | Identified the +6 whip of Noon {pain, rF+}
 36233 | D:13     | Found a gate to the Vaults.
 36345 | D:13     | Found Kounaih's Assorted Antiques.
 36595 | D:3      | Bought 2 scrolls of enchant weapon for 195 gold pieces
 36853 | D:13     | Learned a level 3 spell: Ignite Poison
 37200 | D:13     | Identified the ring of Owyucups {rPois rF++ rC+ AC+4 Dex-3}
 37863 | D:14     | Reached ****** piety under Fedhas
 38512 | D:15     | Entered Level 15 of the Dungeon
 38625 | D:15     | Found an iron altar of Okawaru.
 39567 | D:15     | Reached skill level 5 in Shapeshifting
 40600 | D:15     | Reached skill level 13 in Fighting
 40779 | D:15     | Found a staircase to the Depths.
 41189 | Spider:1 | Entered Level 1 of the Spider Nest
 41296 | Spider:1 | Reached skill level 1 in Evocations
 41509 | Spider:1 | Noticed Roxanne
 41682 | Spider:1 | Reached XP level 16. HP: 131/131 MP: 28/28
 42478 | Spider:1 | Noticed Frances
 42529 | Spider:1 | Reached XP level 17. HP: 137/137 MP: 13/29
 43049 | Spider:2 | Found a runed translucent door.
 43049 | Spider:2 | Noticed Kys Gask's ghost (adept HOFi)
 44368 | Spider:2 | Reached skill level 14 in Fighting
 44780 | Spider:3 | Reached skill level 10 in Dodging
 44842 | Spider:3 | Upgraded the game from 0.31-a0-806-g0bc164a743 to
                  | 0.31-a0-844-gdc52ec4e09
 46288 | Spider:3 | Reached skill level 10 in Shapeshifting
 46890 | Spider:4 | Entered Level 4 of the Spider Nest
 47059 | Spider:4 | Found a transporter.
 47060 | Spider:4 | Noticed Taweuko's ghost (adept TrSh)
 47066 | Spider:4 | Noticed Hutybuo's ghost (adept HuCj)
 47069 | Spider:4 | Found a transporter.
 49157 | Spider:4 | Reached skill level 15 in Fighting
 49248 | Spider:4 | Reached XP level 18. HP: 149/149 MP: 22/30
 49872 | Spider:4 | Noticed Arachne
 49880 | Spider:4 | Learned a level 3 spell: Tukima's Dance
 49897 | Spider:4 | Killed Arachne
 50510 | Spider:4 | Reached skill level 5 in Transmutations
 51514 | Swamp:1  | Entered Level 1 of the Swamp
 53153 | Swamp:2  | Found a runed translucent door.
 53232 | Swamp:2  | Noticed Gaxiaska's ghost (adept TrDe)
 53233 | Swamp:2  | Noticed a tentacled monstrosity
 53233 | Swamp:2  | Identified the +11 trident of the Singing Hawk {venom, rF-
                  | Int+2 Dex+3}
 53879 | Swamp:3  | Found the +11 plutonium sword {Contam Stlth-}
 55077 | Swamp:4  | Entered Level 4 of the Swamp
 56911 | Swamp:4  | Reached skill level 16 in Fighting
 57289 | Swamp:4  | Noticed a tentacled monstrosity
 57303 | Swamp:4  | Killed a tentacled monstrosity
 57430 | Swamp:4  | Noticed a tentacled monstrosity
 57438 | Swamp:4  | Killed a tentacled monstrosity
 57439 | Swamp:4  | Reached XP level 19. HP: 127/157 MP: 17/32
 57834 | Swamp:4  | Reached skill level 5 in Stealth
 57889 | Swamp:4  | Got a decaying rune of Zot
 58277 | Elf:1    | Entered Level 1 of the Elven Halls
 58821 | Elf:1    | Learned a level 4 spell: Summon Lightning Spire
 58823 | Elf:1    | Paralysed by an air elemental for 1 turns
 59023 | Elf:1    | Reached skill level 1 in Air Magic
 60825 | Elf:1    | Found Uducride's Assorted Antiques.
 60838 | Elf:1    | Bought a scroll labelled YVOSHUZENU for 35 gold pieces
 61122 | Elf:1    | Identified a scroll of acquirement
 61130 | Elf:1    | Acquired 935 gold pieces
 61925 | D:11     | Bought a ring of see invisible for 210 gold pieces
 63174 | Spider:4 | Got a gossamer rune of Zot
 64770 | Elf:2    | Found a runed translucent gate.
 64771 | Elf:2    | Found a runed translucent gate.
 64771 | Elf:2    | Found a runed translucent gate.
 65185 | Elf:3    | Entered Level 3 of the Elven Halls
 65193 | Elf:3    | Found Janloic's Weapon Emporium.
 65280 | Elf:3    | Paralysed by an air elemental for 1 turns
 65306 | Elf:3    | Found Gutyenop's Magic Scroll Emporium.
 65350 | Elf:3    | Bought a scroll of silence for 133 gold pieces
 65372 | Elf:3    | Bought a scroll of teleportation for 42 gold pieces
 65507 | Elf:3    | Found Vailuf's Armour Emporium.
 65555 | Elf:3    | Found Uteider's General Store.
 65563 | Elf:3    | Bought a scroll of blinking for 112 gold pieces
 66900 | Elf:3    | Reached skill level 17 in Fighting
 67769 | Elf:3    | Reached XP level 20. HP: 168/168 MP: 2/33
 67931 | Elf:3    | Reached skill level 15 in Shapeshifting
 69448 | Elf:3    | Identified the +1 halberd of the Establishment {flame,
                  | Will+}
 69448 | Elf:3    | Identified the ring "Ute Jea" {rC- rCorr MP+9 Str+3 Int+3}
 70038 | Elf:3    | Identified the +8 battleaxe of Emeyshuf {pain, rC- Str+3
                  | Int+7 Dex-5}
 70232 | Elf:3    | Identified the +3 spear of the Summoning Whale {freeze,
                  | Will+ rCorr Stlth+}
 70921 | Elf:3    | Identified the staff "Wiotiok" {Contam rElec rN+ rCorr
                  | Dex+2 Necro}
 70927 | Elf:3    | Acquired the +1 cloak "Qodgheypt" {rPois Stlth+}
 71305 | Vaults:1 | Entered Level 1 of the Vaults
 71307 | Vaults:1 | You fall into a shaft and drop 1 floor!
 71399 | Vaults:1 | // gettings shafted is such fun...
 71401 | Vaults:1 | Identified the +1 ring mail of Duck's Teeth {rC+}
 71648 | Vaults:1 | Found a flickering gateway to a bazaar.
 71663 | Bazaar   | Entered a bazaar
 71681 | Bazaar   | Found Sekkol's Weapon Shoppe.
 71704 | Bazaar   | Found Aggu's Magic Scroll Shoppe.
 71726 | Bazaar   | Found Fynwau's Magic Scroll Emporium.
 71772 | Bazaar   | Bought a scroll of fog for 48 gold pieces
 71772 | Bazaar   | Bought a scroll of poison for 48 gold pieces
 71772 | Bazaar   | Bought 2 scrolls of revelation for 180 gold pieces
 71772 | Bazaar   | Bought a scroll of teleportation for 36 gold pieces
 71786 | Bazaar   | Bought a scroll of immolation for 56 gold pieces
 71786 | Bazaar   | Bought a scroll of revelation for 105 gold pieces
 71786 | Bazaar   | Bought a scroll of vulnerability for 56 gold pieces
 71786 | Bazaar   | Bought a scroll of enchant weapon for 105 gold pieces
 71786 | Bazaar   | Bought a scroll of teleportation for 42 gold pieces
 72487 | Vaults:1 | Found a transporter.
 72526 | Vaults:1 | Found a transporter.
 72923 | Vaults:1 | Reached skill level 18 in Fighting
 73214 | Vaults:1 | Reached skill level 10 in Hexes
 73219 | Vaults:1 | Reached skill level 10 in Spellcasting
 73409 | Vaults:1 | Reached XP level 21. HP: 177/177 MP: 23/35
 75762 | Vaults:3 | Found Xatac's Distillery.
 75889 | Vaults:3 | Found a magical portal.
 75894 | WizLab   | Entered Doroklohe's Tomb
 76093 | WizLab   | HP: 9/231 [reaper/+5 scythe of flaming (5)]
 76251 | WizLab   | Identified the quicksilver dragon scales "Tuinemud" {rPois
                  | Will+ Regen+ Str-5}
 76279 | WizLab   | Found the +4 robe of Folly {Brill Will-∞ Int+8}
 76420 | WizLab   | Identified the +1 scale mail of Plasticity {+Inv rC- Will+
                  | Str+4}
 76428 | WizLab   | Upgraded the game from 0.31-a0-844-gdc52ec4e09 to
                  | 0.31-a0-845-g9abc20d24f
 76973 | D:14     | Learned a level 5 spell: Irradiate
 77251 | Vaults:3 | Reached skill level 1 in Conjurations
 77472 | Vaults:3 | Bought a potion of mutation for 152 gold pieces
 77472 | Vaults:3 | Bought a potion of heal wounds for 95 gold pieces
 77472 | Vaults:3 | Bought a potion of ambrosia for 152 gold pieces
 77474 | Vaults:3 | Bought a potion of brilliance for 76 gold pieces
 77713 | Vaults:3 | Found Wuat's General Store.
 77718 | Vaults:3 | Bought a wand of roots (5) for 240 gold pieces
 77718 | Vaults:3 | Bought a scroll of summoning for 190 gold pieces
 77990 | Vaults:3 | Reached skill level 5 in Evocations
 78210 | Vaults:3 | Found a staircase to the Crypt.
 78843 | D:15     | Learned a level 5 spell: Yara's Violent Unravelling
 79379 | Vaults:4 | Reached skill level 19 in Fighting
 79850 | Vaults:4 | Reached XP level 22. HP: 187/187 MP: 2/36
 81285 | Depths:1 | Entered Level 1 of the Depths
 81863 | D:7      | Bought a book of Vapours for 338 gold pieces
 81869 | D:7      | Learned a level 5 spell: Freezing Cloud
 82267 | Depths:1 | Found a one-way gateway to a ziggurat.
 82517 | Depths:1 | Reached skill level 5 in Conjurations
 82559 | Depths:1 | Found a gateway to Hell.
 82836 | Depths:1 | Found a stormy altar of Qazlal.
 82878 | Depths:1 | Found a one-way gate to the infinite horrors of the Abyss.
 83066 | Depths:1 | Found a runed translucent door.
 83074 | Depths:1 | You fall into a shaft and drop 1 floor!
 83288 | Depths:2 | Reached skill level 15 in Dodging
 83299 | Depths:2 | Found a one-way gate leading to the halls of Pandemonium.
 83349 | Depths:2 | Noticed Grunn
 83357 | Depths:2 | Killed Grunn
 84575 | Depths:2 | Found a shimmering blue altar of Sif Muna.
 84955 | Depths:2 | Paralysed by a floating eye for 2 turns
 85063 | Depths:2 | Identified the ring "Cetukh" {Ice MP+9}
 85063 | Depths:2 | Noticed Josephina
 85253 | Depths:2 | Killed Josephina
 86396 | Depths:2 | Reached XP level 23. HP: 196/196 MP: 31/38
 86687 | Depths:3 | Reached skill level 20 in Fighting
 86752 | Depths:3 | Noticed Jory
 86757 | Depths:3 | Noticed Parghit
 86763 | Depths:3 | Noticed a juggernaut
 87057 | Depths:3 | Noticed a golden dragon
 87077 | Depths:3 | Noticed a golden dragon
 87171 | Depths:3 | Killed a golden dragon
 87683 | Depths:3 | Killed a golden dragon
 88090 | Depths:3 | Killed Parghit
 88207 | Depths:3 | Killed a juggernaut
 88406 | Depths:3 | Killed Jory
 88623 | Depths:3 | Noticed a golden dragon
 88631 | Depths:3 | Killed a golden dragon
 89751 | Depths:4 | Entered Level 4 of the Depths
 90156 | Depths:4 | Reached skill level 15 in Invocations
 91189 | Depths:4 | Found a white marble altar of Elyvilon.
 91296 | Depths:4 | Reached skill level 10 in Shields
 91420 | Depths:4 | Identified the +10 plate armour "Wujukid" {Rampage rPois
                  | Regen+}
 91958 | Depths:4 | Found a gate to the Realm of Zot.
 92918 | Depths:4 | Voluntarily entered the Abyss.
 92924 | Abyss:1  | Found a corrupted altar of Lugonu.
 93295 | Abyss:2  | Reached XP level 24. HP: 72/204 MP: 30/39
 93965 | Abyss:3  | Found a corrupted altar of Lugonu.
 94049 | Abyss:3  | Found a corrupted altar of Lugonu.
 94363 | Abyss:4  | Found a corrupted altar of Lugonu.
 94816 | Depths:4 | Escaped the Abyss
 94940 | Depths:4 | Voluntarily entered the Abyss.
 94941 | Abyss:4  | Found a corrupted altar of Lugonu.
 94988 | Abyss:4  | Got an abyssal rune of Zot
 94991 | Abyss:4  | Found a corrupted altar of Lugonu.
 95043 | Abyss:5  | Found a blossoming altar of Fedhas.
 95051 | Depths:4 | Escaped the Abyss
 95298 | D:13     | Learned a level 4 spell: Passage of Golubria
 95528 | Zot:1    | Entered Level 1 of the Realm of Zot
 95587 | Zot:1    | Reached skill level 5 in Air Magic
 96144 | Zot:1    | Noticed an orb of fire
 96158 | Zot:1    | Gained mutation: Your spells are a little easier to cast,
                  | but a little less powerful. [an orb of fire]
 96159 | Zot:1    | Killed an orb of fire
 98362 | Zot:2    | Reached XP level 25. HP: 210/210 MP: 37/39
 99517 | Zot:3    | Learned a level 7 spell: Enfeeble
100905 | Zot:4    | Identified the +8 mace "Ujaus" {freeze, Str+5}
101241 | Zot:4    | Noticed a Killer Klown
101253 | Zot:4    | Killed a Killer Klown
101518 | Zot:4    | Reached skill level 10 in Conjurations
101843 | Zot:5    | Entered Level 5 of the Realm of Zot
102806 | Zot:5    | Noticed a Killer Klown
102811 | Zot:5    | Noticed an ancient lich
102872 | Zot:5    | Noticed a dread lich
102884 | Zot:4    | Killed a Killer Klown
103040 | Zot:5    | Killed an ancient lich
103073 | Zot:5    | Noticed an orb of fire
103076 | Zot:5    | Gained mutation: You are strong-willed. (Will+) [an orb of
                  | fire]
103081 | Zot:5    | Noticed a Killer Klown
103085 | Zot:5    | Killed an orb of fire
103086 | Zot:5    | Paralysed by a dread lich for 4 turns
103184 | Zot:5    | Killed a Killer Klown
103263 | Zot:5    | Reached XP level 26. HP: 220/220 MP: 17/39
103274 | Zot:5    | Killed a dread lich
103948 | Zot:5    | Reached skill level 21 in Fighting
104043 | Zot:5    | Reached skill level 10 in Ice Magic
104470 | Zot:5    | Noticed an orb of fire
104471 | Zot:5    | Noticed an orb of fire
104488 | Zot:5    | Noticed a Killer Klown
104519 | Zot:4    | Killed a Killer Klown
105116 | Swamp:2  | Killed Gaxiaska's ghost
105583 | Zot:5    | Noticed a Killer Klown
105603 | Zot:4    | Killed a Killer Klown
105662 | Zot:5    | Gained mutation: You sometimes lose your temper in combat.
                  | [an orb of fire]
105685 | Zot:4    | Lost mutation: You are strong-willed. (Will+) [potion of
                  | mutation]
105685 | Zot:4    | Lost mutation: Your spells are a little easier to cast, but
                  | a little less powerful. [potion of mutation]
105685 | Zot:4    | Gained mutation: Your magical capacity is low. (-10% MP)
                  | [potion of mutation]
105685 | Zot:4    | Lost mutation: Your magical capacity is low. (-10% MP)
                  | [potion of mutation]
105685 | Zot:4    | Gained mutation: You expend magic power (3 MP) to
                  | strengthen your wands. [potion of mutation]
105686 | Zot:4    | Lost mutation: You expend magic power (3 MP) to strengthen
                  | your wands. [potion of mutation]
105686 | Zot:4    | Lost mutation: You sometimes lose your temper in combat.
                  | [potion of mutation]
105686 | Zot:4    | Gained mutation: Your magical capacity is low. (-10% MP)
                  | [potion of mutation]
105686 | Zot:4    | Gained mutation: You have a beak for a mouth. [potion of
                  | mutation]
105686 | Zot:4    | Gained mutation: You are dopey. (Int -2) [potion of
                  | mutation]
105686 | Zot:4    | Gained mutation: You are strong-willed. (Will+) [potion of
                  | mutation]
105723 | Zot:5    | Gained mutation: You are vulnerable to cold. (rC-) [an orb
                  | of fire]
105733 | Zot:5    | Noticed a Killer Klown
105736 | Zot:5    | Lost mutation: You have a beak for a mouth. [an orb of
                  | fire]
105739 | Zot:5    | Gained mutation: You occasionally lose the ability to drink
                  | potions when taking damage. [an orb of fire]
105765 | Zot:5    | Lost mutation: You occasionally lose the ability to drink
                  | potions when taking damage. [potion of mutation]
105765 | Zot:5    | Lost mutation: Your magical capacity is low. (-10% MP)
                  | [potion of mutation]
105765 | Zot:5    | Gained mutation: You have a pair of small antennae on your
                  | head. [potion of mutation]
105765 | Zot:5    | Gained mutation: You possess an exceptional clarity of
                  | mind. [potion of mutation]
105851 | Zot:5    | Gained mutation: You are frail. (-10% HP) [an orb of fire]
105852 | Zot:5    | Gained mutation: Potions are less effective at restoring
                  | your health. [an orb of fire]
105865 | Zot:4    | Gained mutation: You are weak. (Str -2) [an orb of fire]
105868 | Zot:4    | Gained mutation: You occasionally shout uncontrollably at
                  | your foes. [an orb of fire]
105879 | Zot:4    | !! such a great and fun mutation system
105881 | Zot:4    | Killed an orb of fire
105948 | Zot:4    | Lost mutation: You are dopey. (Int -2) [potion of mutation]
105948 | Zot:4    | Lost mutation: You are strong-willed. (Will+) [potion of
                  | mutation]
105948 | Zot:4    | Gained mutation: Your flesh is heat resistant. (rF+)
                  | [potion of mutation]
105948 | Zot:4    | Gained mutation: You have sharp fingernails. [potion of
                  | mutation]
105949 | Zot:4    | Lost mutation: You have a pair of small antennae on your
                  | head. [potion of mutation]
105949 | Zot:4    | Lost mutation: You are frail. (-10% HP) [potion of
                  | mutation]
106287 | Zot:5    | Gained mutation: You occasionally lose the ability to drink
                  | potions when taking damage. [an orb of fire]
106288 | Zot:5    | Gained mutation: Your body sometimes deteriorates upon
                  | taking damage. [an orb of fire]
106291 | Zot:5    | Killed an orb of fire
106292 | Zot:5    | // such a great and fun mutation system
106314 | Zot:5    | Lost mutation: You possess an exceptional clarity of mind.
                  | [potion of mutation]
106314 | Zot:5    | Lost mutation: You are vulnerable to cold. (rC-) [potion of
                  | mutation]
106314 | Zot:5    | Gained mutation: You frequently scream uncontrollably at
                  | your foes. [potion of mutation]
106314 | Zot:5    | Gained mutation: You have a pair of small antennae on your
                  | head. [potion of mutation]
106315 | Zot:5    | Lost mutation: Your flesh is heat resistant. (rF+) [potion
                  | of mutation]
106315 | Zot:5    | Lost mutation: You frequently scream uncontrollably at your
                  | foes. [potion of mutation]
106315 | Zot:5    | Lost mutation: You occasionally lose the ability to drink
                  | potions when taking damage. [potion of mutation]
106315 | Zot:5    | Gained mutation: Your spells are a little harder to cast,
                  | but a little more powerful. [potion of mutation]
106315 | Zot:5    | Gained mutation: Your flesh is heat resistant. (rF+)
                  | [potion of mutation]
106316 | Zot:5    | // such a great and fun mutation system
106359 | Zot:5    | Noticed an ancient lich
106371 | Zot:5    | Killed an ancient lich
106443 | Zot:5    | Noticed a dread lich
106446 | Zot:5    | Noticed an orb of fire
106452 | Zot:5    | Gained mutation: You are dopey. (Int -2) [an orb of fire]
106456 | Zot:5    | Lost mutation: You occasionally shout uncontrollably at
                  | your foes. [an orb of fire]
106459 | Zot:5    | Killed a dread lich
106463 | Zot:5    | Killed an orb of fire
106494 | Zot:5    | Killed a Killer Klown
106495 | Zot:5    | Noticed a dread lich
106500 | Zot:5    | Killed a dread lich
106975 | Zot:5    | Got the Orb of Zot
107099 | Depths:3 | Noticed Agyadghan the pandemonium lord
107472 | D:10     | Noticed Rizoerun the pandemonium lord
107646 | D:$      | Escaped with the Orb!

Illustrated notes ######.##....####..### #............# #..# #.####..####.# #.... #.# #..####.# #..#.# #.# #....>#.# #..#.# #.# ##.##.#... .... . ####.#####.##.##.# #### # #......)#........# #.##.#PP@PP.....## #########.##.#P...P.....# ......P.P.##.#P...P.....# #####.P##.##.#P...P.....# ##e###....PP.PP.....# ... ###.##..(####### ..... #.##...... ...^... ##.e.####.# ...^>^... ...# .. Turn 14766 on D:10: //wtf *+*,*.,,,,,+,,,,,,* ,,*,*.p,,,,******** ***,*...,,,* *#### *,+,*....,,* *#...## *,*,*.....,*####.....###* ***,*.....p##...#...#...#* ,,,,*......pS.>..###.....* +****......##..)#)[.#...#* ,* *.....,*####W)...#*** ,* *....,,* ##†..## ,* *...,,,* ##### ,* *..,,,,* ,* *.,,,,,* ** ******** ** ************ ,* *********,,,,,,,,,,* ,**********,,,,,,,*,,,,,,,,,,* Turn 71399 on Vaults:1: // gettings shafted is such fun...

....................######
.........................#
.?.......................#
.....>...................#
.............###.###.....#
.[...........# #.# #.....#
.............# #.# #.....#
.............###)###.....###
..............S*8..........##
.............###)##.........#
.?..........## #.##.######..#
######.###### #.##.# #..#
######.# #.##.# #..# .......#
###.##.# #..#
#.############...##.######..#
#.# #....................#..#
#.# #.########.#.##.####.#..#


Turn 105879 on Zot:4: !! such a great and fun mutation system
.'......###.##...##.##..## .#####.⌠.........##......# .# #.####......###.###.#
.# #.# ######.# #.# #.# .# #(# #.# #.# #.# .# #.# #.# #.# #.# .#####.#########.#
#.# #.# .'...............###.# #.# .###.#.#####...S8P...# #.# .# #^#.#
#.##..##### #.# .# #.#.### #.##..#######.# .# #.....# #.##..........# .# #####.#
#.##'########## .#######.# #.#........# .'.....#.# #.#........# .#####.#.#
#.#........# .# #.#.# #.#........# Turn 106292 on Zot:5: // such a great and fun
mutation system .'......###.##...##.##..## .#####.⌠.........##......# .#
#.####......###.###.# .# #.# ######.# #.# #.# .# #(# #.# #.# #.# .# #.# #.# #.#
#.# .#####.#########.# #.# #.# .'...............###.# #.# .###.#.#####....8P...#
#.# .# #^#.# #.##..##### #.# .# #.#.### #.##..#######.# .# #.....#
#.##..........# .# #####.# #.##'########## .#######.# #.#........# .'.....#.#
#.#........# .#####.#.# #.#........# .# #.#.# #.#........# Turn 106316 on Zot:5:
// such a great and fun mutation system

Levels and vault maps discovered:
D:1:      lemuel_arrival_behind_the_door_small, layout_basic
D:2:      cheibrodos_helix_gallery, layout_basic,
          nicolae_ecumenical_snake_handling
D:3:      lemuel_castle_with_subvaults [lemuel_castle_interior_carwin_3],
          layout_basic, serial_shops, nicolae_shop_drivethru, shop,
          nicolae_shop_tiny_waterfront, chequers_serial_rivers_micro_c
D:4:      layout_basic, mainiacjoe_overflow_alcove_4, evilmike_ruin_ashenzari,
          gammafunk_ghost_grave
D:5:      layout_rooms, lemuel_doored_altar, minmay_temple_entry_antechambers,
          serial_co_window_serial, co_window_corner_a, co_window_paths_b,
          co_window_paths_a, co_window_paths_a, co_window_paths_a,
          co_window_paths_a, co_window_paths_a, co_window_of_opportunity_c,
          co_window_broadway_b, co_window_unsneaky_path_a, co_window_broadway_a,
          co_window_unsneaky_path_a, co_window_2corner,
          co_window_of_opportunity_b, co_window_paths_e, glass_columns_a,
          hellmonk_no_cap, uniq_duvessa, uniq_pikel
D:6:      layout_rooms, mainiacjoe_overflow_cross_hatched,
          kennysheep_slug_shrine, minmay_crystal_water, uniq_menkaure
D:7:      layout_loops_ring, trog_hazing_becter, serial_shops, shop,
          hangedman_abyss_or_decor_stabs, uniq_jeremiah
D:8:      layout_rooms, yredelemnul_altar_generic,
          mainiacjoe_overflow_tiny_flanked
D:9:      layout_loops_corners, zin_statuary,
          chequers_temple_overflow_statue_of_worship,
          due_lair_maze_entry_diamond, orc_0_dummy, uniq_maggie
D:10:     layout_loops_cross, vehumet_crystals,
          nicolae_hepliaklqana_hippocampus, nicolae_tso_carved_into_rock,
          enter_bailey_4, minmay_gold_behind_fungi, kennysheep_another_room,
          bh_hangedman_babel_library
D:11:     layout_loops_ring, serial_shops, nicolae_shop_real_fake_doors,
          hangedman_abyss_or_decor_jellyfish_corner, columned_hall_lemuel,
          nicolae_where_there's_smoke, uniq_psyche
D:12:     layout_cave_pods, nicolae_letterblocks [nicolae_letter_subblock,
          nicolae_letter_subblock, nicolae_letter_subblock,
          nicolae_letter_subblock, nicolae_letter_subblock,
          nicolae_letter_subblock, nicolae_letter_subblock,
          nicolae_letter_subblock, nicolae_letter_subblock,
          nicolae_letter_subblock, nicolae_letter_subblock,
          nicolae_letter_subblock, nicolae_letter_subblock,
          nicolae_letter_subblock, nicolae_letter_subblock,
          nicolae_letter_subblock, nicolae_letter_subblock,
          nicolae_letter_subblock, nicolae_letter_subblock,
          nicolae_letter_subblock, nicolae_letter_subblock,
          nicolae_letter_subblock, nicolae_letter_subblock,
          nicolae_letter_subblock, nicolae_letter_subblock], uniq_urug
D:13:     layout_rooms, skrybe_vaults_entry_preservation, serial_shops,
          nicolae_shop_just_a_little_nook
D:14:     layout_rooms, solitary_fountain, serial_ice, serial_ice_l,
          serial_ice_f, serial_ice_h, serial_ice_n, minmay_statues_item,
          minivault_16
D:15:     grunt_enter_depths_magical_seal, layout_cave_pods, okawaru_trees_2
Temple:   nicolae_temple_ecumenical_triangle
Lair:1:   dreamdust_cave_troll, layout_cave_pods, uniq_gastronok
Lair:2:   layout_long_grid, minmay_swamp_entry_eels, guppyfry_lair_drakes,
          serial_bayou_shore_b
Lair:3:   layout_chaotic_city, hellmonk_spider_entry_not_the_bees,
          gammafunk_ghost_split, serial_bayou_crossing
Lair:4:   layout_regular_city
Lair:5:   minmay_lair_end_frog_pond, layout_regular_city,
          minmay_slime_entry_oklob_open
Swamp:1:  layout_falls_marsh, evilmike_swamp_ruin_house_1, swamp_pool1
Swamp:2:  layout_falls_marsh, ebering_ghost_funeral_grove,
          evilmike_swamp_ruin_rubble_2
Swamp:3:  layout_falls_marsh, nicolae_swamp_round_clearing, swamp_pool1,
          grunt_lady_of_the_lake
Swamp:4:  nzn_swamp_witches_coven, layout_basic_swamp, infiniplex_staircase_pool
Spider:1: layout_spider_delve, hangedman_spider_tarantella_strand, uniq_roxanne,
          uniq_frances
Spider:2: layout_cave_pods, ebering_ghost_reflecting_pool
Spider:3: layout_spider_delve, drop_trap, nicolae_spider_not_touching_you
Spider:4: spider_rune_water, nzn_ghost_randoct, nicolae_spider_orb_run,
          uniq_arachne
Orc:1:    layout_caves, serial_shops, nicolae_book_shop_shelving,
          portal_ice_cave_rime
Orc:2:    grunt_orc_community_town_hall, layout_diamond_mine,
          grunt_orc_community_big_house_1, grunt_orc_community_big_house_1,
          grunt_orc_community_house_2, grunt_orc_community_house_3,
          grunt_orc_community_house_3, grunt_orc_community_house_2,
          grunt_orc_community_house_2, grunt_orc_community_house_3,
          gauntlet_entry_generic, basic_altar, enter_volcano_4, mines4_lemuel
Elf:1:    eino_elf_arrival_the_gate, layout_loops_cross, serial_shops, shop,
          hangedman_elf_disciples
Elf:2:    nicolae_elf_blades_crystal_corner, layout_geoelf_octagon
Elf:3:    minmay_elf_hall_dome, layout_geoelf_octagon, serial_shops,
          nicolae_shop_advertising_works [nicolae_subvault_shop_adworks], shop,
          shop, shop_statue, st_stairs_8, minmay_curled_crystal
Vaults:1: ontoclasm_vaults_hangar, vaults_dpeg_ring,
          nicolae_vaults_closet_pinwheel_4, gammafunk_its_a_trap,
          nicolae_vaults_trapezoid_2, vaults_mumra_hexcomb,
          nicolae_vaults_frosty_reception, nicolae_vaults_apartment_1,
          nicolae_vaults_specimen_jars, vaults_mumra_minichess_inversion,
          nicolae_vaults_oval_intersection, vaults_room_boxed,
          nicolae_vaults_double_plus_3, nicolae_vaults_house_1,
          nicolae_vaults_windows_and_doors_thing, layout_vaults_omnibox,
          serial_shops, bzr_entry_water
Vaults:2: nicolae_vaults_offset_grid_hallway_1, hangedman_vaults_hat, v_misc_26,
          hangedman_vaults_cutoff, nicolae_vaults_network_barrier,
          nicolae_vaults_octagons, vaults_mumra_chevron_long,
          ontoclasm_vaults_ring_square, vaults_mumra_lcd, v_misc_15,
          nicolae_vaults_little_squares_5, vaults_room_pool,
          nicolae_vaults_diamond_1, nicolae_vaults_two_Ls, layout_vaults_ring
Vaults:3: mu_enter_wizlab_2, vaults_standard_mumra_enter_the_diamond,
          nicolae_vaults_storage_room_water, nicolae_vaults_two_Ls,
          layout_vaults_quadrants, minmay_crypt_entry_simple_box, serial_shops,
          nicolae_shop_statue_plus, shop
Vaults:4: nicolae_vaults_cochlea, nicolae_vaults_house_2,
          nicolae_vaults_alarming, nicolae_vaults_network_quincunx
          [nicolae_vaults_network_quincunx_subvault,
          nicolae_vaults_network_quincunx_subvault,
          nicolae_vaults_network_quincunx_subvault,
          nicolae_vaults_network_quincunx_subvault,
          nicolae_vaults_network_quincunx_subvault], v_pattern_1,
          nicolae_vaults_diamond_1, hangedman_vaults_variations,
          layout_vaults_chaotic_city
Depths:1: layout_cave_pools, enter_ziggurat_d, hell_entry, grunt_qazlal_clouds,
          abyss_entry, hangedman_aerie_drop
Depths:2: nzn_winding_woodlands_stair_cross [nzn_winding_woodlands_5x15_pockets,
          nzn_winding_woodlands_center_diamonds,
          nzn_winding_woodlands_5x15_twine,
          nzn_winding_woodlands_5x5_closed_star,
          nzn_winding_woodlands_5x5_perimeter,
          nzn_winding_woodlands_5x15_jagged,
          nzn_winding_woodlands_center_garden,
          nzn_winding_woodlands_5x15_sawtooth], layout_twisted_cross,
          hangedman_coc_ice_floe, rand_demon_pan_entry_4, lemuel_tele_altar,
          nicolae_twisting_strands, uniq_grunn, uniq_josephina
Depths:3: cross_vault, layout_small_grid, hellmouth_1, abyss_entry,
          uniq_margery, uniq_jory, uniq_parghit
Depths:4: grunt_zot_entry_tricorne, layout_gridlike, abyss_entry,
          elyvilon_altar_1, grunt_hell_entry_demonic_statue,
          serial_bayou_shore_b
Zot:1:    layout_gridlike
Zot:2:    layout_gridville, grunt_ministairs_11
Zot:3:    layout_basic
Zot:4:    layout_basic, grunt_ministairs_9
Zot:5:    layout_gridlike

Skill      XL: |  1  2  3  4  5  6  7  8  9 10 11 12 13 14 15 16 17 18 19 20 21 22 23 24 25 26 |
---------------+-------------------------------------------------------------------------------+-----
Ice Magic      | 5 6 7 8 9 10 | 10.0
Spellcasting   | 3 4 5 6 7 8 9 10 11 12 13 | 13.6
Summonings     | 2 5 7 8 |  8.0
Fighting       | 2 3 6 7 9 10 11 12 13 15 16 17 18 19 20 21 | 21.5
Dodging        | 4 5 6 8 12 13 14 15 16 | 16.0
Invocations    | 4 6 7 8 9 11 12 13 14 15 | 15.0
Transmutations | 3 4 5 6 7 |  7.0
Armour         | 1 3 4 5 6 7 8 |  8.9
Polearms       | 5 7 8 10 12 13 14 | 14.0
Poison Magic   | 2 6 7 |  7.0
Translocations | 2 5 7 |  7.2
Hexes          | 2 6 8 10 11 12 | 12.5
Shields        | 5 6 10 13 14 | 14.1
Shapeshifting  | 7 8 11 13 14 16 17 18 19 | 19.4
Evocations     | 4 5 7 |  7.5
Stealth        | 4 6 8 9 |  9.6
Air Magic      | 4 6 |  6.0
Conjurations   | 4 7 9 10 | 10.1

Action                     |  1- 3 |  4- 6 |  7- 9 | 10-12 | 13-15 | 16-18 | 19-21 | 22-24 | 25-27 || total
---------------------------+-------+-------+-------+-------+-------+-------+-------+-------+-------++-------
  Melee: Dagger            |     8 |       |       |       |       |       |       |       |       ||     8
         Falchion          |       |    14 |    41 |       |       |       |       |       |       ||    55
         Spear             |       |       |     9 |       |       |       |       |       |       ||     9
         Trident           |       |       |       |   420 |   275 |    94 |    12 |       |       ||   801
         Punch             |       |       |       |     8 |     2 |       |       |     4 |       ||    14
         Tailslap          |       |       |       |    10 |     4 |    16 |     5 |    39 |     8 ||    82
         Demon trident     |       |       |       |       |   678 |   715 |   845 |  1565 |   846 ||  4649
         Staff             |       |       |       |       |       |    13 |    12 |       |       ||    25
         Maw               |       |       |       |       |       |       |    88 |       |       ||    88
  Throw: Stone             |    39 |       |       |       |       |       |       |       |       ||    39
         Dart              |       |     2 |     8 |    23 |    53 |    14 |     1 |     1 |       ||   102
         Javelin           |       |       |       |       |       |     2 |     4 |       |       ||     6
         Throwing net      |       |       |       |       |       |       |     1 |       |       ||     1
   Cast: Freeze            |    48 |   100 |    83 |    31 |    12 |     4 |       |       |       ||   278
         Frozen Ramparts   |       |     3 |    18 |    43 |    60 |    49 |    44 |       |       ||   217
         Summon Ice Beast  |       |       |    24 |    86 |   115 |    85 |    42 |    11 |       ||   363
         Olgreb's Toxic Ra |       |       |       |    29 |   152 |   213 |   223 |   179 |    76 ||   872
         Manifold Assault  |       |       |       |    16 |    91 |    53 |    55 |       |       ||   215
         Blink             |       |       |       |     1 |     2 |       |       |     2 |       ||     5
         Jinxbite          |       |       |       |       |     3 |     3 |       |       |       ||     6
         Ignite Poison     |       |       |       |       |    20 |    76 |    94 |    53 |    18 ||   261
         Passwall          |       |       |       |       |     3 |     2 |     1 |    42 |     9 ||    57
         Summon Mana Viper |       |       |       |       |       |    10 |   124 |   127 |    70 ||   331
         Tukima's Dance    |       |       |       |       |       |     3 |    23 |    51 |    33 ||   110
         Summon Lightning  |       |       |       |       |       |       |    35 |    18 |     4 ||    57
         Freezing Cloud    |       |       |       |       |       |       |       |    70 |    71 ||   141
         Irradiate         |       |       |       |       |       |       |       |     9 |     6 ||    15
         Yara's Violent Un |       |       |       |       |       |       |       |     8 |     1 ||     9
 Invoke: Wall of Briars    |       |       |       |     2 |     3 |     7 |    10 |    15 |     7 ||    44
         Grow Ballistomyce |       |       |       |     2 |     2 |     2 |     2 |     2 |       ||    10
         Overgrow          |       |       |       |       |     4 |       |       |     2 |     2 ||     8
         Grow Oklob        |       |       |       |       |       |     1 |     4 |    10 |     6 ||    21
Ability: Begin Untransform |       |       |       |       |     1 |       |     1 |     4 |     1 ||     7
         Evoke Invisibilit |       |       |       |       |       |       |     1 |     1 |       ||     2
  Evoke: Wand              |       |       |    11 |    17 |    16 |    10 |    17 |    16 |    12 ||    99
    Use: Scroll            |       |     1 |     9 |     9 |    18 |     6 |    13 |    15 |    16 ||    87
         Potion            |       |       |       |       |     4 |     3 |     9 |     6 |    16 ||    38
   Stab: Sleeping          |       |     1 |     1 |     4 |     8 |       |     7 |     9 |     2 ||    32
         Paralysed         |       |       |     5 |     8 |       |     4 |     6 |     3 |       ||    26
         Distracted        |       |       |     1 |     3 |     6 |     8 |     8 |    27 |     9 ||    62
         Invisible         |       |       |       |       |     3 |       |       |       |     1 ||     4
         Confused          |       |       |       |       |     1 |       |       |       |       ||     1
 Armour: Robe              |    19 |       |       |       |       |       |       |       |       ||    19
         Leather armour    |     1 |    30 |    38 |       |       |       |       |       |       ||    69
         Steam dragon scal |       |       |    13 |   201 |   423 |   629 |   131 |       |       ||  1397
         Skin              |       |       |       |       |       |       |   743 |  1257 |  1163 ||  3163
         Quicksilver drago |       |       |       |       |       |       |       |   231 |    66 ||   297
  Dodge: Dodged            |    16 |    69 |   115 |   421 |   491 |   541 |   648 |  1119 |   795 ||  4215
         Repelled          |       |       |       |     4 |     1 |       |       |       |       ||     5
  Block: Buckler           |       |       |       |       |    71 |    93 |   309 |   350 |       ||   823
         Kite shield       |       |       |       |       |       |       |       |   180 |   687 ||   867
   Form: Maw               |       |       |       |       |     1 |       |     1 |       |       ||     2
         Statue            |       |       |       |       |       |       |     2 |     4 |       ||     6

Table legend: (Time is in decaauts)
 A = Elapsed time spent in this place.
 B = Non-inter-level travel time spent in this place.
 C = Inter-level travel time spent in this place.
 D = Time resting spent in this place.
 E = Time spent auto-exploring this place.
 F = Levels seen in this place.
 G = Mean time per level.
                   A        B        C        D        E       F      G
               +--------+--------+--------+--------+--------+-----+--------+
         Total | 120813 | 106591 |  14222 |  42912 |  23496 |  57 | 2119.5 |
       Dungeon |  29215 |  22721 |   6494 |   7272 |   6699 |  15 | 1947.7 |
        Temple |     65 |     65 |      0 |      0 |      0 |   1 |   65.0 |
          Lair |  10638 |   9532 |   1106 |   3881 |   3235 |   5 | 2127.6 |
         Swamp |   6459 |   6298 |    161 |   3464 |   1093 |   4 | 1614.8 |
   Spider Nest |  11478 |  10630 |    848 |   5282 |   2318 |   4 | 2869.5 |
  Orcish Mines |   4677 |   4153 |    524 |   1785 |    429 |   2 | 2338.5 |
   Elven Halls |  10983 |  10154 |    829 |   6385 |    603 |   3 | 3661.0 |
        Vaults |  12352 |  10576 |   1776 |   2618 |   4418 |   4 | 3088.0 |
        Depths |  15021 |  13580 |   1441 |   5496 |   2049 |   4 | 3755.2 |
           Zot |  15691 |  14651 |   1040 |   5859 |   2523 |   5 | 3138.2 |
         Abyss |   1848 |   1848 |      0 |    207 |      0 |   6 |  308.0 |
        Bazaar |    150 |    150 |      0 |      0 |      3 |   1 |  150.0 |
        Bailey |    434 |    434 |      0 |    165 |     26 |   1 |  434.0 |
        Wizlab |    876 |    876 |      0 |    132 |     97 |   1 |  876.0 |
      Gauntlet |    917 |    917 |      0 |    361 |      0 |   1 |  917.0 |
               +--------+--------+--------+--------+--------+-----+--------+

Top non-repeatable levels by time:
   Elf:3: 5645 daAuts
Spider:4: 5468 daAuts
   Zot:5: 5064 daAuts
Depths:4: 4892 daAuts
Depths:3: 3990 daAuts
Depths:2: 3817 daAuts
   Orc:2: 3786 daAuts
Vaults:1: 3531 daAuts
     D:3: 3326 daAuts
   Elf:1: 3111 daAuts
    D:11: 3095 daAuts
Vaults:3: 3071 daAuts
Vaults:2: 3070 daAuts
    D:15: 2963 daAuts
   Zot:2: 2934 daAuts
